 Dungeon Crawl Stone Soup version 0.21-a0-621-gc60411f (webtiles) character file.

483 tidbits the Caller (level 7, -9/50 HPs)
             Began as a Gnoll Summoner on Dec 23, 2017.
             Killed from afar by Dowan (13 damage)
             ... with a stone arrow
             ... on level 4 of the Dungeon.
             The game lasted 00:14:33 (1640 turns).

tidbits the Caller (Gnoll Summoner)                 Turns: 1640, Time: 00:14:34

Health: -9/50      AC:  3    Str: 10    XL:     7   Next: 12%
Magic:  11/15      EV: 15    Int: 20    God:
Gold:   72         SH:  0    Dex: 15    Spells: 10/17 levels left

rFire    . . .     SeeInvis +   a - +1 dagger (drain)
rCold    . . .     Gourm    .   (no shield)
rNeg     . . .     Faith    .   f - +0 robe
rPois    .         Spirit   .   (no helmet)
rElec    .         Reflect  .   (no cloak)
rCorr    .         Harm     .   (no gloves)
MR       .....                  F - +0 pair of boots
Stlth    +++.......             (no amulet)
HPRegen  0.16/turn              A - ring of see invisible
MPRegen  0.14/turn              (no ring)

@: no status effects
A: distributed training, fangs 1, strong nose
a: no special abilities


You were on level 4 of the Dungeon.
You were not hungry.

You visited 2 branches of the dungeon, and saw 7 of its levels.

You collected 204 gold pieces.
You spent 132 gold pieces at shops.

Inventory:

Hand Weapons
 a - a +1 dagger of draining (weapon)
   (You took it off a kobold on level 1 of the Dungeon)
 j - a +1 mace of holy wrath
   (You found it on level 1 of the Dungeon)
 k - a +0 short sword
 r - a +1 hand axe of flaming
   (You took it off an orc on level 2 of the Dungeon)
 v - a +0 quarterstaff
Missiles
 e - 158 stones (quivered)
 g - 15 arrows
Armour
 f - a +0 robe (worn)
 s - a +0 scale mail
 B - a +0 buckler
 F - a +0 pair of boots (worn)
Jewellery
 A - a ring of see invisible (left hand)
   (You found it on level 5 of the Dungeon)
Wands
 d - a wand of digging (19)
 p - a wand of paralysis (13)
 C - a wand of iceblast (7)
Scrolls
 h - 3 scrolls of fear
 i - a scroll of immolation {unknown}
 l - 2 scrolls of remove curse
 t - a scroll of teleportation {unknown}
 y - a scroll of random uselessness
 D - a scroll of enchant weapon {unknown}
Potions
 m - 3 potions of curing
 n - 3 potions of lignification {unknown}
 o - a potion of degeneration {unknown}
 q - a potion of mutation {unknown}
 u - 2 potions of might {unknown}
 w - a potion of haste
 x - a potion of ambrosia
 z - a potion of berserk rage
Books
 b - a book of Callings

   Spells                             Type                      Level
   a - Summon Small Mammal            Summoning                    1
   b - Call Imp                       Summoning                    2
   c - Call Canine Familiar           Summoning                    3
   d - Summon Guardian Golem          Hexes/Summoning              3
   e - Summon Lightning Spire         Summoning/Air                4
   f - Summon Ice Beast               Ice/Summoning                4
Comestibles
 c - 4 rations


   Skills:
 + Level 2.2 Fighting
 + Level 2.2 Short Blades
 + Level 2.2 Long Blades
 + Level 2.2 Axes
 + Level 2.2 Maces & Flails
 + Level 2.2 Polearms
 + Level 2.2 Staves
 + Level 2.2 Slings
 + Level 2.2 Bows
 + Level 2.2 Crossbows
 + Level 2.2 Throwing
 + Level 2.2 Armour
 + Level 5.1 Dodging
 + Level 4.7 Stealth
 + Level 2.2 Shields
 + Level 2.2 Unarmed Combat
 + Level 5.5 Spellcasting
 + Level 1.8 Conjurations
 + Level 1.8 Hexes
 + Level 1.8 Charms
 + Level 7.3 Summonings
 + Level 1.8 Necromancy
 + Level 1.8 Translocations
 + Level 1.8 Transmutations
 + Level 1.8 Fire Magic
 + Level 1.8 Ice Magic
 + Level 1.8 Air Magic
 + Level 1.8 Earth Magic
 + Level 1.8 Poison Magic
 + Level 2.5 Invocations
 + Level 2.2 Evocations


You had 10 spell levels left.
You knew the following spells:

 Your Spells              Type           Power        Failure   Level  Hunger
a - Summon Small Mammal   Summ           ####         1%          1    None
i - Call Imp              Summ           #####...     1%          2    None
L - Summon Lightning Spi  Summ/Air       ###.....     16%         4    ####...


Dungeon Overview and Level Annotations

Branches:
Dungeon (6/15)             Temple (1/1) D:4

Altars:
Ashenzari
Dithmenos
Fedhas
Gozag
Hepliaklqana
Kikubaaqudgha
Makhleb
Nemelex Xobeh
Qazlal
Ru
Sif Muna
Uskayaw
Vehumet
Wu Jian
Yredelemnul
Zin
The Shining One

Shops:
D:4 }

Annotations:
D:3 1 runed door
D:4 Dowan


Innate Abilities, Weirdness & Mutations

Your experience applies equally to all skills.
You have very sharp teeth.
Your uncanny sense of smell can sniff out nearby items.


Message History

You see here a scroll labeled YPPAES GEGRUIBI.
D - a scroll labeled YPPAES GEGRUIBI Adjust (i)tems, (s)pells, or (a)bilities?
Adjust which item? (? for menu, Esc to quit)
Okay, then.
You see here an adder corpse.
Evoke which item? (* to show all) (? for menu, Esc to quit)
Aiming: Dig
Press: ? - help, Shift-Dir - straight line, f - you The rock shatters into small pieces.
You hear a shout!
Dowan, Brother of Duvessa comes into view.
He is wielding a dagger.
Dowan casts a spell at something.
You hear a shout!
Duvessa, Sister of Dowan comes into view.
She is wielding a short sword.
Duvessa says, "When magic and the sword combine, nothing stands against them."
Casting: Summon Lightning Spire
Confirm with . or Enter, or press ? or * to list all spells.
Aiming: Summon Lightning Spire
Press: ? - help, Dir - move target cursor An electric hum fills the air.
Evoke which item? (* to show all) (? for menu, Esc to quit)
Aiming: Paralyse
Press: ? - help, Shift-Dir - straight line, f - Duvessa
Aim: Duvessa, wielding a short sword and wearing a chain mail (fast, chance to defeat MR: 34%) Duvessa easily resists.
Duvessa zaps a wand.
Some rock shatters into small pieces.
It is a wand of digging (9).
Dowan gestures at you while chanting.
The puff of frost hits your lightning spire.
Your lightning spire appears unharmed.
Your lightning spire shoots out a bolt of lightning at Dowan!
The bolt of electricity hits Dowan.
Evoke which item? (* to show all) (? for menu, Esc to quit)
Aiming: Paralyse
Press: ? - help, Shift-Dir - straight line, f/p - Duvessa
Aim: Duvessa, wielding a short sword, wearing a chain mail and carrying a wand of digging (9) (fast, chance to defeat MR: 34%) Duvessa easily resists.
Dowan hits your lightning spire but does no damage.
Press: ? - help, v - describe, . - travel
Here: Duvessa, wielding a short sword, wearing a chain mail and carrying a wand of digging (9) (fast)
The floor.
Unknown command.
Evoke which item? (* to show all) (? for menu, Esc to quit)
Aiming: Paralyse
Press: ? - help, Shift-Dir - straight line, f/p - Duvessa
Aim: Duvessa, wielding a short sword, wearing a chain mail and carrying a wand of digging (9) (fast, chance to defeat MR: 34%) Duvessa easily resists.
Duvessa hits you with a short sword.
Dowan hits your lightning spire with a dagger.
Evoke which item? (* to show all) (? for menu, Esc to quit)
Aiming: Paralyse
Press: ? - help, Shift-Dir - straight line, f/p - Duvessa
Aim: Duvessa, wielding a short sword, wearing a chain mail and carrying a wand of digging (9) (fast, chance to defeat MR: 34%) Duvessa suddenly stops moving!
Dowan hits your lightning spire but does no damage.
The helpless Duvessa fails to defend herself.
You impale Duvessa!! You drain Duvessa!
Duvessa is almost dead.
Dowan hits your lightning spire but does no damage.
The helpless Duvessa fails to defend herself.
You impale Duvessa!!
You kill Duvessa!
Dowan's eyes darken. "You have made a black mistake."
Dowan seems to find hidden reserves of power!
You have reached level 7!
Your lightning spire shoots out a bolt of lightning at Dowan!
The bolt of electricity hits Dowan.
Dowan hits your lightning spire but does no damage.
Dowan drinks a potion.
Dowan is healed!
Dowan hits your lightning spire but does no damage.
Things that are here:
a short sword; a chain mail; a wand of digging (9)
d - a wand of digging (19) (gained 9 charges)
Your lightning spire shoots out a bolt of lightning at Dowan!
The bolt of electricity misses Dowan.
Dowan hits your lightning spire but does no damage.
Dowan barely misses your lightning spire.
Dowan hits your lightning spire but does no damage.
Found a stone staircase leading down.
Dowan points at you and mumbles some strange words.
The shard of ice hits you!
Ouch! That really hurt!
* * * LOW HITPOINT WARNING * * *
You hit Dowan but do no damage. You drain Dowan!
Dowan is moderately wounded.
Dowan points at you and mumbles some strange words.
The stone arrow hits you!
* * * LOW HITPOINT WARNING * * *
Your lightning spire shoots out a bolt of lightning at Dowan!
The bolt of electricity hits Dowan.
Dowan points at your lightning spire and mumbles some strange words.
The shard of ice hits your lightning spire.
Your lightning spire partially resists.
Evoke which item? (* to show all) (? for menu, Esc to quit)
Aiming: Iceblast
Press: ? - help, Shift-Dir - straight line The mass of ice explodes!
The iceblast engulfs Dowan.
Dowan is almost dead.
Dowan gestures at you while chanting. The stone arrow hits you!
You die...

.............+
.............#
...........>.#
.............#
.............#
.............
#.....e..#+#
#.....@8##.######
#........#.......
##+#####).##
#.### ##..##
#...# ##..#
#.##.#.# ##..# .
#.##.#8####.##.#
.)...
#.#..........##..
..(..
..#.8.∩.8.##.#
#.#


You could see Dowan and a friendly lightning spire.

Vanquished Creatures
  Duvessa (D:4)
  A worker ant (D:2)
  A gnoll (D:3)
  4 adders
  A shadow imp (D:5)
  An ooze (D:3)
  A worm (D:3)
  5 orcs
  A giant cockroach (D:1)
  5 goblins
  2 hobgoblins (D:1)
  7 jackals
  6 kobolds
  A quokka (D:2)
  A bat (D:1)
  3 frilled lizards
  A giant cockroach zombie (D:5)
  A leopard gecko skeleton (D:4)
  4 rats
47 creatures vanquished.

Vanquished Creatures (collateral kills)
  A phantom (D:5)
  2 scorpions
  A crimson imp (D:5)
  2 jellies (D:5)
  A bullfrog skeleton (D:4)
  A hound (D:3)
  An orc wizard (D:5)
  3 gnolls (D:3)
  An adder (D:2)
  A leopard gecko (D:3)
  5 orcs
  3 giant cockroaches
  2 hobgoblins (D:1)
  2 jackals (D:3)
  3 kobolds
  2 frilled lizards
  4 rats
35 creatures vanquished.

Grand Total: 82 creatures vanquished

Notes
Turn   | Place    | Note
-------+----------+-------------------------------------------
     0 | D:1      | tidbits the Gnoll Summoner began the quest for the Orb.
     0 | D:1      | Reached XP level 1. HP: 13/13 MP: 6/6
   179 | D:1      | Reached XP level 2. HP: 19/19 MP: 5/7
   187 | D:1      | Learned a level 2 spell: Call Imp
   364 | D:2      | Found a stormy altar of Qazlal.
   366 | D:2      | Noticed a water elemental
   370 | D:2      | Noticed an earth elemental
   375 | D:2      | Reached skill level 5 in Spellcasting
   375 | D:2      | Reached XP level 3. HP: 25/25 MP: 7/9
   436 | D:2      | Reached skill level 1 in Invocations
   444 | D:2      | Reached skill level 1 in Fighting
   444 | D:2      | Reached skill level 1 in Short Blades
   444 | D:2      | Reached skill level 1 in Long Blades
   444 | D:2      | Reached skill level 1 in Axes
   444 | D:2      | Reached skill level 1 in Maces & Flails
   444 | D:2      | Reached skill level 1 in Polearms
   444 | D:2      | Reached skill level 1 in Staves
   444 | D:2      | Reached skill level 1 in Slings
   444 | D:2      | Reached skill level 1 in Bows
   444 | D:2      | Reached skill level 1 in Crossbows
   444 | D:2      | Reached skill level 1 in Throwing
   444 | D:2      | Reached skill level 1 in Armour
   444 | D:2      | Reached skill level 1 in Shields
   444 | D:2      | Reached skill level 1 in Unarmed Combat
   444 | D:2      | Reached skill level 1 in Evocations
   499 | D:2      | Found a faded altar of an unknown god.
   517 | D:2      | Reached XP level 4. HP: 13/32 MP: 9/11
   525 | D:2      | Learned a level 4 spell: Summon Lightning Spire
   825 | D:3      | Reached skill level 1 in Conjurations
   825 | D:3      | Reached skill level 1 in Hexes
   825 | D:3      | Reached skill level 1 in Charms
   825 | D:3      | Reached skill level 1 in Necromancy
   825 | D:3      | Reached skill level 1 in Translocations
   825 | D:3      | Reached skill level 1 in Transmutations
   825 | D:3      | Reached skill level 1 in Fire Magic
   825 | D:3      | Reached skill level 1 in Ice Magic
   825 | D:3      | Reached skill level 1 in Air Magic
   825 | D:3      | Reached skill level 1 in Earth Magic
   825 | D:3      | Reached skill level 1 in Poison Magic
   845 | D:3      | Reached XP level 5. HP: 34/37 MP: 7/12
  1155 | D:3      | Found an ancient bone altar of Kikubaaqudgha.
  1190 | D:3      | Found a runed door.
  1190 | D:3      | Noticed a human
  1193 | D:3      | Found a basalt altar of Yredelemnul.
  1221 | D:4      | Found a staircase to the Ecumenical Temple.
  1230 | Temple   | Entered the Ecumenical Temple
  1294 | D:5      | Entered Level 5 of the Dungeon
  1294 | D:5      | Noticed a phantom
  1312 | D:5      | Killed a phantom
  1312 | D:5      | Reached skill level 2 in Invocations
  1312 | D:5      | Reached XP level 6. HP: 22/44 MP: 5/13
  1502 | D:5      | Reached skill level 5 in Dodging
  1504 | D:5      | Reached skill level 2 in Fighting
  1504 | D:5      | Reached skill level 2 in Short Blades
  1504 | D:5      | Reached skill level 2 in Long Blades
  1504 | D:5      | Reached skill level 2 in Axes
  1504 | D:5      | Reached skill level 2 in Maces & Flails
  1504 | D:5      | Reached skill level 2 in Polearms
  1504 | D:5      | Reached skill level 2 in Staves
  1504 | D:5      | Reached skill level 2 in Slings
  1504 | D:5      | Reached skill level 2 in Bows
  1504 | D:5      | Reached skill level 2 in Crossbows
  1504 | D:5      | Reached skill level 2 in Throwing
  1504 | D:5      | Reached skill level 2 in Armour
  1504 | D:5      | Reached skill level 2 in Shields
  1504 | D:5      | Reached skill level 2 in Unarmed Combat
  1504 | D:5      | Reached skill level 2 in Evocations
  1536 | D:4      | Found an ornate altar of the Wu Jian Council.
  1598 | D:4      | Found Doicuapt's Gadget Boutique.
  1606 | D:4      | Bought a wand of iceblast (8) for 132 gold pieces
  1626 | D:4      | Noticed Dowan
  1627 | D:4      | Noticed Duvessa
  1634 | D:4      | Killed Duvessa
  1634 | D:4      | Reached XP level 7. HP: 49/50 MP: 10/15
  1639 | D:4      | HP: 3/50 [Dowan/stone arrow (18)]
  1640 | D:4      | Killed from afar by Dowan

Vault maps used:
D:1:      lightli_arrival_farm
D:2:      lemuel_round_altar, nicolae_qazlal_style_of_elements,
          chequers_ecumenical_altar_simple, solitary_fountain,
          kennysheep_generic_room_7
D:3:      lemuel_round_altar, dk_yredelemnul_ordeal
D:4:      lemuel_doored_altar, temple_fountains, serial_shops,
          nicolae_shop_statue_plus, first_ration, uniq_duvessa
D:5:      kb_xom_exploding_sheep, uniq_menkaure
D:6:      serial_bayou_crossing
Temple:   cyrus_circular_temple

Skill      XL: |  1  2  3  4  5  6 |
---------------+-------------------+-----
Spellcasting   | 5 |  5.5
Invocations    | 1 2 |  2.5
Fighting       | 1 2 |  2.2
Short Blades   | 1 2 |  2.2
Long Blades    | 1 2 |  2.2
Axes           | 1 2 |  2.2
Maces & Flails | 1 2 |  2.2
Polearms       | 1 2 |  2.2
Staves         | 1 2 |  2.2
Slings         | 1 2 |  2.2
Bows           | 1 2 |  2.2
Crossbows      | 1 2 |  2.2
Throwing       | 1 2 |  2.2
Armour         | 1 2 |  2.2
Shields        | 1 2 |  2.2
Unarmed Combat | 1 2 |  2.2
Evocations     | 1 2 |  2.2
Conjurations   | 1 |  1.8
Hexes          | 1 |  1.8
Charms         | 1 |  1.8
Necromancy     | 1 |  1.8
Translocations | 1 |  1.8
Transmutations | 1 |  1.8
Fire Magic     | 1 |  1.8
Ice Magic      | 1 |  1.8
Air Magic      | 1 |  1.8
Earth Magic    | 1 |  1.8
Poison Magic   | 1 |  1.8
Dodging        | 5 |  5.1
Stealth        | |  4.7
Summonings     | |  7.3

Action                   |  1- 3 |  4- 6 |  7- 9 || total
-------------------------+-------+-------+-------++-------
Melee: Short sword       |     6 |       |       ||     6
       Dagger            |    39 |    72 |     1 ||   112
       Bite              |     1 |     9 |       ||    10
       Mace              |       |    16 |       ||    16
       Hand axe          |       |     3 |       ||     3
 Cast: Summon Small Mamm |    16 |     3 |       ||    19
       Call Imp          |     2 |     1 |       ||     3
       Summon Lightning  |       |    12 |       ||    12
Evoke: Wand              |       |     8 |     1 ||     9
  Use: Potion            |     1 |       |       ||     1
       Scroll            |       |     6 |       ||     6
 Stab: Sleeping          |     5 |    10 |       ||    15
       Paralysed         |       |     2 |       ||     2
  Eat: Chunk             |       |     1 |       ||     1
       Ration            |       |     1 |       ||     1
Armor: Robe              |    14 |    17 |       ||    31
Dodge: Dodged            |    59 |    73 |       ||   132

Table legend:
 A = Spawn XP
 B = Non-spawn XP
 C = Spawn XP percentage of total XP
 D = Spawn monster count
 E = Non-spawn monster count
 F = Spawn count percentage of total count
 G = Total turns spent on level
                    A         B        C        D         E        F      G
               +---------+---------+-------+---------+---------+-------+---------
         Total |       0 |     691 |   0.0 |       0 |      82 |   0.0 |  1640
               +---------+---------+-------+---------+---------+-------+---------
           D:1 |       0 |      27 |   0.0 |       0 |      19 |   0.0 |   328
           D:2 |       0 |      73 |   0.0 |       0 |      18 |   0.0 |   286
           D:3 |       0 |     141 |   0.0 |       0 |      27 |   0.0 |   597
           D:4 |       0 |     232 |   0.0 |       0 |       6 |   0.0 |   163
           D:5 |       0 |     218 |   0.0 |       0 |      12 |   0.0 |   236
               +---------+---------+-------+---------+---------+-------+---------

Table legend:
 A = Turns spent in this place as a percentage of turns spent in the entire game.
 B = Non-inter-level travel turns spent in this place as a percentage of non-inter-level travel turns spent in the entire game.
 C = Inter-level travel turns spent in this place as a percentage of turns spent in this place.
 D = Turns resting spent in this place as a percentage of non-inter-level travel turns spent in this place.
 E = Turns spent auto-exploring this place as a percentage of non-inter-level travel turns spent in this place.
 F = Non-inter-level travel turns spent in this place divided by the number of levels of this place that you've seen.
                   A       B       C       D       E      F
               +-------+-------+-------+-------+-------+----------------------
         Total | 100.0 | 100.0 |   2.3 |   0.0 |   0.0 | 228.9
       Dungeon |  98.3 |  98.3 |   2.4 |   0.0 |   0.0 | 262.3
        Temple |   1.7 |   1.7 |   0.0 |   0.0 |   0.0 |  28.0
               +-------+-------+-------+-------+-------+----------------------

Table legend:
 A = Kills in this place as a percentage of kills in entire the game.
 B = Kills by you in this place as a percentage of kills by you in the entire game.
 C = Kills by friends in this place as a percentage of kills by friends in the entire game.
 D = Other kills in this place as a percentage of other kills in the entire game.
 E = Experience gained in this place as a percentage of experience gained in the entire game.
 F = Experience gained in this place divided by the number of levels of this place that you have seen.
                   A       B       C       D       E      F
               +-------+-------+-------+-------+-------+----------------------
         Total | 100.0 | 100.0 | 100.0 |   N/A | 100.0 |  98.7
       Dungeon | 100.0 | 100.0 | 100.0 |   N/A | 100.0 | 115.2
               +-------+-------+-------+-------+-------+----------------------

Vault maps used:
D:1:      lightli_arrival_farm
D:2:      lemuel_round_altar, nicolae_qazlal_style_of_elements,
          chequers_ecumenical_altar_simple, solitary_fountain,
          kennysheep_generic_room_7
D:3:      lemuel_round_altar, dk_yredelemnul_ordeal
D:4:      lemuel_doored_altar, temple_fountains, serial_shops,
          nicolae_shop_statue_plus, first_ration, uniq_duvessa
D:5:      kb_xom_exploding_sheep, uniq_menkaure
D:6:      serial_bayou_crossing
Temple:   cyrus_circular_temple
